 Dungeon Crawl Stone Soup version 0.31-a0-845-g9abc20d24f (webtiles) character file.

Game seed: 9044125067341997980

33 Ethylacetat the Changeling (level 3, -2/23 HPs)
             Began as an Octopode Shapeshifter on Oct 2, 2023.
             Slain by a goblin
             ... wielding a +0 club
             ... led by Robin
              (7 damage)
             ... on level 2 of the Dungeon.
             The game lasted 00:01:05 (789 turns).

Ethylacetat the Changeling (Octopode Shapeshifter)   Turns: 789, Time: 00:01:06

Health: -2/23      AC:  1    Str: 13    XL:     3   Next: 29%
Magic:  3/3        EV: 13    Int: 12    God:
Gold:   51         SH:  0    Dex: 13    Spells: 2/2 levels left

rFire   + . .        g - +4 dagger
rCold   . . .        (no shield)
rNeg    . . .        (helmet currently unavailable)
rPois   .            (no amulet)
rElec   .            e - ring of protection from fire
rCorr   .            (no ring)
SInv    .            (no ring)
Will    .....        (no ring)
Stlth   ++           (no ring)
HPRegen 0.23/turn    (no ring)
MPRegen 0.08/turn    (no ring)
                     (no ring)

%: no passive effects
@: beast-form
A: beast (slay +1), almost no armour, amphibious, 8 rings, camouflage 1,
gelatinous body 1, (nimble swimmer 1), tentacles
a: Begin Untransformation


You were on level 2 of the Dungeon.
You were a hulking beast.
You visited 1 branch of the dungeon, and saw 2 of its levels.

You collected 51 gold pieces.

Inventory:

Hand Weapons
 g - a +4 dagger (weapon)
Jewellery
 e - a ring of protection from fire (left tentacle)
Talismans
 b - a beast talisman (active)
 c - a flux talisman
Scrolls
 f - a scroll of poison {unknown}
 h - a scroll of amnesia {unknown}
Potions
 a - 2 potions of lignification
 d - a potion of mutation {unknown}


   Skills:
 + Level 1.5 Fighting
 + Level 0.1 Short Blades
 + Level 2.3 Dodging
 + Level 0.3 Stealth
 - Level 3.2 Unarmed Combat
 * Level 3.4 Shapeshifting


You had 2 spell levels left.
You didn't know any spells.
Your spell library was empty.

Dungeon Overview and Level Annotations

Branches:
Dungeon (2/15)

Altars:

Annotations:
D:2 Robin


Innate Abilities, Weirdness & Mutations

You are a hulking beast.
Your limbs bulge with bestial killing power. (Slay +1)
You cannot wear most types of armour.
You are amphibious.
You can wear up to eight rings at the same time.
Your skin changes colour to match your surroundings (Stealth+).
Your rubbery body absorbs attacks. (AC +1, EV +1)
((You are camouflaged when in or above water. (Stealth+)))
You have tentacles for arms and can constrict up to eight enemies at once.


Message History

Robin throws the goblin at you!
You barely miss the goblin. Your grab misses the goblin.
You squeeze the goblin.
You kill the goblin!
You hit the hobgoblin. You grab the hobgoblin.
The hobgoblin is heavily wounded.
You constrict the hobgoblin.
A bat comes into view.
A frilled lizard comes into view.
The hobgoblin hits you.
The bat moves out of view.
You hit the hobgoblin.
You kill the hobgoblin!
A goblin comes into view. It is wielding a +0 club.
Robin roars a battlecry!
The goblin goes into a battle-frenzy!
A goblin comes into view. It is wielding a +0 dagger.
The goblin hits you but does no damage. x2; The goblin moves out of view.
Things that are here:
a +0 dagger; a hobgoblin corpse You hit the goblin.
You kill the goblin!
You closely miss the goblin. You grab the goblin. You squeeze the goblin.
You kill the goblin!
You hit the goblin. Your grab misses the goblin.
Your tentacle-slap misses the goblin.
The goblin is severely wounded.
The goblin hits you with a +0 club.
Robin says, "My goblins will feast on your bones."
You closely miss the goblin. You grab the goblin.
The goblin is severely wounded.
You constrict the goblin.
You kill the goblin!
You hit the hobgoblin. Your grab misses the hobgoblin.
Your squeeze misses the hobgoblin.
The hobgoblin is almost dead.
The hobgoblin hits you!
* * * LOW HITPOINT WARNING * * *
You hit the hobgoblin.
You kill the hobgoblin!
The goblin hits you with a +0 club!
You die...

##.# ### ## ...#.#.. ..
###########..#.#.##.
.....<....#..#.#.#.
.##...............
.##.).....#...##g#
.....######...##h# .
..#...........##)##.gg.
.>..............lg...g..
....#.....###..#.#....##
............#....#.####
............#.#### .
#####.....###.# ..
#.....# #.. .. #.....#
### ###


You could see Robin, a goblin (strong) and a frilled lizard.

Vanquished Creatures
  A dart slug (D:1)
  6 endoplasms (D:1)
  A giant cockroach (D:1)
  3 hobgoblins
  2 kobolds
  2 ball pythons (D:1)
  2 bats (D:1)
  7 goblins
  4 rats (D:1)
28 creatures vanquished.

Notes
Turn   | Place    | Note
-------+----------+-------------------------------------------
     0 | D:1      | Ethylacetat the Octopode Shapeshifter began the quest for
                  | the Orb.
     0 | D:1      | Reached XP level 1. HP: 13/13 MP: 1/1
   154 | D:1      | Reached XP level 2. HP: 18/18 MP: 2/2
   422 | D:1      | Reached XP level 3. HP: 23/23 MP: 3/3
   774 | D:2      | Noticed Robin
   789 | D:2      | Slain by a goblin

Illustrated notes

Levels and vault maps discovered:
D:1:      lemuel_arrival_rhombus, layout_loops_ring
D:2:      layout_basic, chequers_ecumenical_altar_simple, uniq_robin

Action                     || total
---------------------------++-------
  Melee: Unarmed           ||    33
         Constrict         ||    10
         Tentacles         ||     6
         Punch             ||     1
         Dagger            ||    12
   Stab: Sleeping          ||     5
 Armour: Skin              ||    17
  Dodge: Dodged            ||    18

Table legend: (Time is in decaauts)
 A = Elapsed time spent in this place.
 B = Non-inter-level travel time spent in this place.
 C = Inter-level travel time spent in this place.
 D = Time resting spent in this place.
 E = Time spent auto-exploring this place.
 F = Levels seen in this place.
 G = Mean time per level.
                   A        B        C        D        E       F      G
               +--------+--------+--------+--------+--------+-----+--------+
         Total |    786 |    701 |     85 |      0 |    560 |   2 |  393.0 |
       Dungeon |    786 |    701 |     85 |      0 |    560 |   2 |  393.0 |
               +--------+--------+--------+--------+--------+-----+--------+

Top non-repeatable levels by time:
     D:1: 757 daAuts
     D:2: 28 daAuts
